 Dungeon Crawl Stone Soup version 0.25.1-2-g60ff931df9 (webtiles) character file.

Game seed: 5313744174045565031

77 funkygono the Cudgeler (level 4, -2/27 HPs)
             Began as a Gargoyle Gladiator on Dec 7, 2020.
             Slain by a gnoll
             ... wielding a cursed -3 halberd
              (9 damage)
             ... on level 2 of the Dungeon.
             The game lasted 00:02:56 (1507 turns).

funkygono the Cudgeler (Gargoyle Gladiator)         Turns: 1507, Time: 00:02:57

Health: -2/27      AC:  7    Str: 19    XL:     4   Next: 33%
Magic:  13/13      EV: 12    Int:  8    God:
Gold:   102        SH:  0    Dex: 11    Spells: 3/3 levels left

rFire    x . .     SeeInvis .   a - +0 flail
rCold    + . .     Gourm    .   (no shield)
rNeg     + . .     Faith    .   g - +0 leather armour
rPois    ∞         Spirit   .   c - +0 helmet
rElec    +         Reflect  .   (no cloak)
rCorr    .         Harm     .   (no gloves)
MR       .....                  (no boots)
Stlth    +.........             (no amulet)
HPRegen  0.09/turn              k - ring of ice
MPRegen  0.13/turn              q - ring of magical power

@: no status effects
A: negative energy resistance 1, electricity resistance, unbreathing,
petrification resistance, rot immunity, AC +3
a: no special abilities


You were on level 2 of the Dungeon.
You were very hungry.

You visited 1 branch of the dungeon, and saw 2 of its levels.

You collected 102 gold pieces.

Inventory:

Hand Weapons
 a - a +0 flail (weapon)
 b - a +0 hunting sling
Missiles
 d - 2 throwing nets (quivered)
 e - 125 stones
 l - 22 arrows
Armour
 c - a +0 helmet (worn)
 g - a +0 leather armour (worn)
Jewellery
 k - a ring of ice (left hand)
 q - a ring of magical power (right hand)
Potions
 h - a potion of curing
 j - a potion of flight {unknown}
 m - a potion of heal wounds {unknown}
Comestibles
 f - 3 rations


   Skills:
 * Level 2.6 Fighting
 * Level 4.1 Maces & Flails
 + Level 1.8 Throwing
 * Level 0.8 Armour
 * Level 3.0 Dodging


You had 3 spell levels left.
You didn't know any spells.
Your spell library was empty.

Dungeon Overview and Level Annotations

Branches:
Dungeon (2/15)

Altars:


Innate Abilities, Weirdness & Mutations

You are resistant to torment.
Your stone body is resilient. (AC +3)
You are immune to poison.
You resist negative energy. (rN+)
You are resistant to electric shocks. (rElec)
You can survive without breathing.
You are immune to petrification.
You are immune to rotting.


Message History

The gnoll misses you.
You thump the gnoll!
The gnoll is almost dead.
The gnoll hits you with a +0 spear!
The gnoll hits you from afar with a cursed -3 halberd!
You hit the gnoll.
You kill the gnoll!
Your Dodging skill increases to level 3!
The gnoll hits you from afar with a cursed -3 halberd.
* * * LOW HITPOINT WARNING * * *
You see here a +0 spear.
You barely miss the gnoll. The gnoll closely misses you. The gnoll misses you.
You barely miss the gnoll.
You are feeling very hungry.
The gnoll closely misses you. The gnoll hits you but does no damage.
You sock the gnoll!
The gnoll is heavily wounded.
The gnoll closely misses you.
The gnoll hits you from afar with a cursed -3 halberd!
You die...

..####.# ######..... .##
#.# #.g.##...# .#
#.###.#.##...# .#
#.....#......# ##
#######.##..## #.......#
#.###..g# #....<.g#
############@#
#..........#.#
##...####.##.# #...#
#..(.# #..)# ######
#...#
###...##################
#...<..................#
#.##..##############.###


You could see 2 gnolls.

Vanquished Creatures
  2 gnolls (D:2)
  3 oozes (D:1)
  4 dart slugs
  A ball python (D:1)
  A bat zombie (D:2)
  2 giant cockroaches (D:1)
  6 goblins (D:1)
  7 hobgoblins
  2 kobolds (D:1)
  A bat (D:1)
  2 frilled lizards (D:1)
  3 rats (D:1)
34 creatures vanquished.

Notes
Turn   | Place    | Note
-------+----------+-------------------------------------------
     0 | D:1      | funkygono the Gargoyle Gladiator began the quest for the
                  | Orb.
     0 | D:1      | Reached XP level 1. HP: 12/12 MP: 1/1
    89 | D:1      | Reached XP level 2. HP: 15/17 MP: 2/2
   304 | D:1      | Reached XP level 3. HP: 20/21 MP: 3/3
   965 | D:2      | Reached skill level 4 in Maces & Flails
  1269 | D:2      | Reached XP level 4. HP: 27/27 MP: 4/4
  1507 | D:2      | Slain by a gnoll

Illustrated notes

Levels and vault maps discovered:
D:1:      lemuel_arrival_rhombus, layout_basic
D:2:      layout_basic, lemuel_zombie_altar_kikubaaqudgha

Skill      XL: |  1  2  3  4 |
---------------+-------------+-----
Maces & Flails | 4 |  4.1
Dodging        | 3 |  3.0
Fighting       | |  2.6
Throwing       | |  1.8
Armour         | |  0.8

Action                   |  1- 3 |  4- 6 || total
-------------------------+-------+-------++-------
Melee: Flail             |   109 |     5 ||   114
 Fire: Hunting sling     |     6 |       ||     6
Throw: Throwing net      |     1 |       ||     1
  Use: Scroll            |     5 |       ||     5
  Eat: Chunk             |     1 |       ||     1
Armor: Leather armour    |    47 |       ||    47
Dodge: Dodged            |    79 |    10 ||    89
